 Dungeon Crawl Stone Soup version 0.19-a0-1071-g4ed3155 (webtiles) character file.

2429981 Gagarin the Swordmaster (level 27, 273/273 HPs)
             Began as a Minotaur Berserker on Aug 4, 2016.
             Was the Champion of Trog.
             Escaped with the Orb
             ... and 4 runes on Aug 5, 2016!
             The game lasted 06:27:53 (67293 turns).

Gagarin the Swordmaster (Minotaur Berserker)       Turns: 67293, Time: 06:27:53

Health: 273/273    AC: 43    Str: 38    XL:     27
Magic:  19/19      EV: 32    Int:  4    God:    Trog [******]
Gold:   4811       SH:  0    Dex: 19    Spells: 0 memorised, 26 levels left

rFire  + . .     SeeInvis +     m - +9 triple sword (holy)
rCold  + + +     Gourm    .     o - +4 gold dragon armour
rNeg   + + .     Faith    .     (shield currently unavailable)
rPois  +         Spirit   .     C - +2 hat
rElec  .         Dismiss  .     J - +2 cloak {MR+}
rCorr  .         Reflect  .     U - +2 pair of gloves {Str+3}
SustAt .         Harm     .     Z - +0 pair of boots
MR     +++..                    c - amulet of Leaves {+Rage rC++ rN+ MP-9 Str+4}
Stlth  ..........               X - ring of Tyemic {rN+ Str+4 Dex+3 Slay+5 SInv}
                                Q - ring of Shaolin {EV+8}

@: very slightly contaminated, hasted (expiring), very quick
A: retaliatory headbutt, horns 2, clumsy 1, subdued magic 1
a: Berserk, Trog's Hand, Brothers in Arms, Burn Spellbooks, Renounce Religion,
Evoke Berserk Rage
0: Orb of Zot
}: 4/15 runes: barnacled, silver, abyssal, gossamer


You escaped.
You worshipped Trog.
Trog was exalted by your worship.
You were not hungry.

You visited 9 branches of the dungeon, and saw 49 of its levels.
You visited the Abyss 2 times.
You visited 1 bazaar.

You collected 8987 gold pieces.
You spent 4176 gold pieces at shops.

Inventory:

Hand Weapons
 m - a +9 triple sword of holy wrath (weapon)
Missiles
 B - 6 javelins of returning (quivered)
 L - 24 poisoned javelins
Armour
 o - a +4 gold dragon armour (worn)
 C - a +2 hat (worn)
 J - a +2 cloak of magic resistance (worn)
 U - a +2 pair of gloves of strength (worn)
 Z - a +0 pair of boots (worn)
Rods
 e - a +1 rod of clouds (15/15)
   (You bought it in a shop on level 11 of the Dungeon)
Jewellery
 c - the amulet of Leaves (around neck) {+Rage rC++ rN+ MP-9 Str+4}
   (You found it on level 5 of the Realm of Zot)

   [amulet of rage]

   It affects your strength (+4).
   It greatly protects you from cold.
   It protects you from negative energy.
   It affects your magic capacity (-9).
   It lets you go berserk.
 Q - the ring of Shaolin (left hand) {EV+8}
   (You found it on level 4 of the Shoals)

   [ring of evasion]

   It affects your evasion (+8).
 X - the ring of Tyemic (right hand) {rN+ Str+4 Dex+3 Slay+5 SInv}
   (You found it on level 3 of the Elven Halls)

   [ring of positive energy]

   It affects your strength (+4).
   It affects your dexterity (+3).
   It affects your accuracy and damage with ranged weapons and melee attacks
   (+5).
   It protects you from negative energy.
   It lets you see invisible.
Wands
 q - a wand of digging (17/24)
 v - a wand of slowing (41/48)
 E - a wand of digging (2/24)
 M - a wand of lightning (7/15)
 S - a wand of teleportation (6/9)
 Y - a wand of disintegration (11/24)
Scrolls
 a - 6 scrolls of fear
 i - 18 scrolls of identify
 j - 7 scrolls of magic mapping
 s - 21 scrolls of teleportation
 t - 5 scrolls of fog
 w - 3 scrolls of summoning
 y - a scroll of silence
 D - 6 scrolls of recharging
 K - 5 scrolls of blinking
 N - 10 scrolls of remove curse
 R - a scroll of holy word
Potions
 d - 7 potions of agility
 f - 8 potions of might
 g - 4 potions of haste
 l - a potion of invisibility
 r - 3 potions of heal wounds
 u - 3 potions of resistance
 z - 6 potions of flight
 A - 6 potions of cancellation
 F - 20 potions of curing
 G - 2 potions of cure mutation
 W - 10 potions of ambrosia
Miscellaneous
 k - a fan of gales
 n - 2 boxes of beasts
 H - 2 phantom mirrors
Comestibles
 b - 2 beef jerkies
 h - 17 royal jellies
 x - 13 bread rations


   Skills:
 O Level 27 Fighting
   Level 1.4(17.4) Short Blades
 O Level 27 Long Blades
   Level 0.2 Staves
 + Level 13.8 Throwing
 O Level 27 Armour
 + Level 22.3 Dodging
 - Level 11.0 Stealth
 * Level 8.8 Evocations


You had 26 spell levels left.
You didn't know any spells.

Dungeon Overview and Level Annotations

Branches:
Dungeon (15/15)            Temple (0/1) D:5            Lair (6/6) D:10
 Shoals (4/4) Lair:3       Spider (4/4) Lair:3        Slime (0/5) Lair:6
    Orc (2/2) D:11            Elf (3/3) Orc:2        Vaults (5/5) D:14
  Crypt (0/3) Vaults:2     Depths (5/5) D:15            Zot (5/5) Depths:5

Altars:
Ashenzari
Dithmenos
Elyvilon
Gozag
Hepliaklqana
Kikubaaqudgha
Okawaru
Pakellas
Ru
Trog
Vehumet
Lugonu

Shops:
D:10 :   D:11 }   Orc:2 ![**   Elf:1 (   Elf:2 *   Elf:3 ?   Shoals:1 (}[[?
Vaults:1 [   Vaults:2 ![[*   Vaults:4 (}   Depths:1 :}}=(

Portals:
Hell: Depths:1 Depths:2 Depths:3 Depths:4 Depths:5
Abyss: Depths:1 Depths:2 Depths:3 Depths:4
Pandemonium: Depths:3
Ziggurat: Depths:1

Annotations:
Elf:2 3 runed doors


Innate Abilities, Weirdness & Mutations

You reflexively headbutt those who attack you in melee.
You have a pair of horns on your head.
You are clumsy. (Dex -2)
Your spells are a little easier to cast, but a little less powerful.


Message History

A hobgoblin comes into view. It is wielding a club.
The hobgoblin shouts!
A chaos spawn comes into view.
The chaos spawn barks!
A soul eater comes into view.
The soul eater closely misses you. You furiously retaliate!
You headbutt the soul eater.
You riposte.
You closely miss the soul eater. You headbutt the soul eater.
The soul eater is lightly wounded.
You hit the soul eater but do no damage.
Your headbutt misses the soul eater.
The soul eater is lightly wounded.
You slice the soul eater!!
The soul eater convulses!
The soul eater is severely wounded.
Your extra speed is starting to run out.
The soul eater completely misses you.
You riposte.
You slice the soul eater!!
You kill the soul eater!
There is an open door here.
There is a staircase leading out of the dungeon here.
You have escaped!

##.#...#.#.#..(..........# #.#
.....#.#.#.############### #.#
##.#.#.#.#...............# #.#
##.#.#...###############.# #.#
##.#.#...g.............#.# #.#
##.#.#...#######....##.#.# #.#
+........# ##'#####.#.# #.#
###..##..# #...# #.#.# #.#
'........# #.@.# #.#.# #.#
###......# #.(.####.#.###.#
..#.....3#######(###...#.....#
#.#...#.........(#############
..#..........(...........#
###....#.#..(.####..####.# #
#.......(...# #..# #.# #
#..#.#.#.#..# #..# #.# #
#...........# #..# #.#


There were no monsters in sight!

Vanquished Creatures
  2 pandemonium lords
  3 orbs of fire (Zot:5)
  Mara (Depths:1)
  3 juggernauts
  5 ancient liches
  Saint Roka (Orc:2)
  5 Killer Klowns (Zot:5)
  A caustic shrike (Depths:3)
  2 curse toes (Zot:4)
  the Enchantress (Depths:1)
  A bone dragon (Depths:5)
  11 golden dragons
  A Tzitzimitl (Depths:2)
  3 electric golems (Zot:5)
  Jorgrun (Elf:2)
  19 tentacled monstrosities
  4 liches
  27 Orb Guardians
  A deep elf blademaster (Elf:2)
  2 krakens
  2 quicksilver dragons
  2 deep elf master archers
  11 death cobs
  A tentacled starspawn (Abyss:3)
  5 titans
  Frances (D:12)
  Polyphemus (Shoals:2)
  2 sphinxes
  12 storm dragons
  Kirke (Shoals:2)
  5 tengu reavers
  Agnes (Elf:2)
  Ilsuiw (Shoals:4)
  Roxanne (Shoals:4)
  9 shadow dragons
  6 draconian monks
  16 fire giants
  5 iron dragons
  5 draconian scorchers
  Aizul (Depths:3)
  3 draconian knights
  7 emperor scorpions
  15 frost giants
  6 deep elf sorcerers
  3 ghost moths
  Louise (Shoals:1)
  2 draconian zealots
  The ghost of Zebura the Tortoise, an adept VSFi of Gozag (Depths:2)
  4 draconian shifters
  17 vault wardens
  The ghost of B1inky the Fencer, a journeyman OpBe of Trog (D:15)
  10 deep elf elementalists
  10 very ugly things
  25 ironheart preservers
  4 spriggan defenders
  35 stone giants
  2 war gargoyles
  3 entropy weavers
  10 green draconians
  3 draconian annihilators
  2 ophanim (Abyss:3)
  5 vampire knights
  9 deep elf demonologists
  A lorocyproca (Depths:2)
  5 draconian callers
  10 deep elf annihilators
  5 mottled draconians
  11 white draconians
  6 black draconians
  10 yellow draconians
  Azrael (D:13)
  6 purple draconians
  5 spark wasps
  A black sun (Depths:2)
  11 red draconians
  15 ettins
  A crystal guardian (Vaults:1)
  8 deep elf death magi
  9 merfolk javelineers
  26 fire dragons
  19 yaktaur captains
  6 deep elf high priests
  11 merfolk impalers
  11 ice dragons
  12 great orbs of eyes
  10 hydras
  8 rakshasas
  A catoblepas (Shoals:2)
  A hell beast (Depths:2)
  A monstrous demonspawn (Depths:2)
  29 vault guards
  13 centaur warriors
  3 merfolk avatars
  An anaconda (shapeshifter) (Vaults:5)
  22 ogre magi
  2 alligator snapping turtles (Shoals:4)
  3 death knights
  11 death yaks
  3 spriggan air magi
  5 merfolk aquamancers
  2 tengu warriors
  A satyr (Shoals:2)
  11 deep troll shamans
  14 dancing weapons
  8 spriggan berserkers
  Urug (Lair:5)
  6 deep troll earth magi
  2 orc high priests (Orc:2)
  Sonja (Orc:2)
  4 small abominations
  A storm dragon zombie (Vaults:3)
  4 iron trolls
  A soul eater (D:1)
  A wretched star (Abyss:3)
  15 deep elf knights
  4 shadow wraiths
  25 deep trolls
  3 hell knights
  8 wizards
  6 skeletal warriors
  3 flayed ghosts
  6 giant orange brains
  An infernal demonspawn (Depths:2)
  A shadow demon (D:2)
  An unseen horror (D:15)
  2 cherubim (Abyss:3)
  16 sea snakes
  A kraken simulacrum (Shoals:4)
  A gelid demonspawn (Depths:2)
  A harpy (shapeshifter) (Vaults:2)
  10 ironbrand convokers
  16 orc knights
  16 hill giants
  23 deep elf archers
  A mana viper (shapeshifter) (Elf:2)
  21 harpies
  11 phantasmal warriors
  9 necromancers
  29 wolf spiders
  2 oklob plants (Shoals:2)
  14 orb spiders
  A wolf spider (shapeshifter) (Vaults:2)
  28 ugly things
  61 deep elf magi
  11 griffons
  A stone giant zombie (Vaults:3)
  An iron dragon zombie (Depths:4)
  10 hornets
  6 orc sorcerers
  16 cyclopes
  A fire giant zombie (Depths:1)
  A salamander (shapeshifter) (Depths:1)
  A manticore (shapeshifter) (Elf:3)
  A tengu skeleton (Vaults:5)
  12 manticores
  A cyclops (shapeshifter) (Depths:1)
  6 fauns (Shoals:2)
  A rust devil (Depths:3)
  2 hornets (shapeshifter)
  A moth of wrath (shapeshifter) (Vaults:5)
  23 moths of wrath
  3 sixfirhies
  A fire giant skeleton (Depths:1)
  9 black mambas
  18 sirens
  2 guardian serpents (shapeshifter) (Vaults:2)
  16 vault sentinels
  2 guardian serpents
  4 water nymphs
  9 torpor snails
  2 smoke demons (Abyss:3)
  A titan simulacrum (Depths:4)
  2 spiny frogs (shapeshifter)
  The ghost of Sarzael the Skirmisher, a novice DsCK of Xom (D:4)
  13 spiny frogs
  4 rime drakes
  A redback zombie (D:15)
  A tengu conjurer (Depths:2)
  72 yaktaurs
  An ice devil (Depths:3)
  2 efreet
  9 komodo dragons
  A tormentor (Depths:3)
  2 red devils
  10 demonic crawlers
  6 freezing wraiths
  31 merfolk
  A merfolk (shapeshifter) (Depths:4)
  A queen bee (D:13)
  13 trolls
  2 golden dragon simulacra (Depths:4)
  6 meliai
  3 giant leeches (Lair:6)
  A tengu simulacrum (Vaults:3)
  2 two-headed ogres (shapeshifter)
  A polar bear (Lair:4)
  A troll (shapeshifter) (Elf:1)
  2 ancient zymes (Abyss:3)
  34 two-headed ogres
  2 wind drakes
  A hornet zombie (D:14)
  A harpy zombie (D:14)
  A boulder beetle (shapeshifter) (Vaults:4)
  28 jumping spiders
  12 snapping turtles
  8 boulder beetles
  21 slime creatures
  21 blink frogs
  4 large abominations
  A fire dragon zombie (Depths:1)
  A raiju (shapeshifter) (Depths:2)
  A fire giant simulacrum (Vaults:3)
  A spriggan zombie (Depths:2)
  Sigmund (D:6)
  A centaur simulacrum (D:15)
  A redback (shapeshifter) (Depths:2)
  34 yaks
  A ynoxinul (Abyss:3)
  98 redbacks
  6 spriggans
  26 tarantellas
  A wyvern (Lair:6)
  2 vampires (D:15)
  2 spriggans (shapeshifter)
  7 wraiths
  6 air elementals
  11 hippogriffs
  3 fire elementals
  9 water elementals
  A tarantella (shapeshifter) (Depths:5)
  3 neqoxecs
  A yak (shapeshifter) (Depths:3)
  2 chaos spawn
  A hog (shapeshifter) (Vaults:5)
  Eustachio (D:4)
  3 steam dragons
  A hippogriff (shapeshifter) (Vaults:5)
  4 vampire mosquitoes (D:13)
  2 hungry ghosts
  2 soldier ants (shapeshifter)
  4 basilisks
  A swamp worm (shapeshifter) (Depths:3)
  3 mottled dragons (Lair:6)
  11 water moccasins
  6 wargs
  2 hell hounds (shapeshifter)
  9 porcupines
  A soldier ant (D:10)
  2 hell hounds (D:13)
  2 ice beasts (D:13)
  Duvessa (D:6)
  A fire dragon simulacrum (Depths:1)
  36 orc warriors
  6 sky beasts
  3 phantoms
  A spriggan simulacrum (Depths:1)
  9 wasps
  A black bear (Lair:4)
  An ettin simulacrum (Vaults:5)
  83 ogres
  2 necrophages
  10 boggarts
  An eye of draining (shapeshifter) (Vaults:4)
  15 wolves
  18 centaurs
  14 crocodiles
  A big kobold (D:10)
  2 gnoll sergeants
  17 giant frogs
  3 earth elementals
  Dowan (D:6)
  A wyvern skeleton (D:13)
  4 scorpions
  25 killer bees
  3 howler monkeys
  3 wights (D:11)
  4 electric eels
  5 crimson imps
  18 starcursed masses (Abyss:3)
  2 quasits
  4 centaur zombies
  A human simulacrum (Vaults:1)
  Crazy Yiuf (D:6)
  3 giant frog skeletons
  4 giant frog zombies
  8 centaur skeletons
  3 hounds
  27 orc wizards
  A gnoll shaman (D:7)
  30 orc priests
  8 jellies
  13 iguanas
  An iron imp (Depths:3)
  Natasha (thrice) (D:3)
  12 worker ants
  30 sheep
  A hound zombie (D:6)
  A howler monkey zombie (D:8)
  A worker ant zombie (D:9)
  13 gnolls
  11 adders
  33 river rats
  5 shadow imps
  A white imp (Abyss:3)
  3 oozes
  An ufetubus (Depths:5)
  An adder zombie (D:8)
  A worm (D:5)
  4 dart slugs
  6 giant geckos
  124 orcs
  2 bats
  A bat zombie (D:7)
  4 giant cockroaches
  10 goblins
  9 hobgoblins
  19 jackals
  20 kobolds
  4 quokkas
  2 ball pythons
  5 giant newts
  A quokka zombie (D:9)
  3 rats
  2 rat zombies (D:7)
  A crawling corpse (Elf:3)
  A fire vortex (Depths:2)
  2 fungi
  A lurking horror (Abyss:3)
  6 plants
  4 tentacles
2558 creatures vanquished.

Vanquished Creatures (collateral kills)
  A Killer Klown (Zot:4)
  A deep elf blademaster (Elf:2)
  A storm dragon (Vaults:1)
  A vault warden (Vaults:5)
  A deep elf sorcerer (Elf:3)
  A fire giant (Depths:1)
  2 ironheart preservers
  An emperor scorpion (Spider:4)
  A draconian scorcher (Zot:4)
  A draconian annihilator (Zot:4)
  A deep elf death mage (Elf:2)
  2 merfolk impalers (Shoals:4)
  A hydra (D:11)
  A spriggan air mage (Depths:1)
  4 ogre magi (Depths:4)
  5 death yaks (Lair:6)
  A spriggan berserker (Depths:1)
  An orc high priest (Orc:2)
  A deep elf archer (Vaults:1)
  A lindwurm (Lair:6)
  An orb spider (Spider:4)
  A wolf spider (Spider:2)
  An orc sorcerer (Orc:2)
  A rust devil (Zot:1)
  A water nymph (Shoals:4)
  A yaktaur (Depths:1)
  A merfolk (Shoals:4)
  A giant leech (Lair:6)
  A two-headed ogre (D:11)
  5 redbacks
  3 yaks (Lair:1)
  A tarantella (Spider:2)
  2 basilisks
  A swamp drake (Lair:6)
  3 orc warriors (Orc:2)
  A crimson imp (D:11)
  An orc priest (Orc:2)
  An orc wizard (D:11)
  An iguana (Lair:6)
  3 gnolls (D:11)
60 creatures vanquished.

Vanquished Creatures (others)
  A draconian zealot (Zot:4)
  A deep elf elementalist (Elf:3)
  A very ugly thing (Vaults:5)
  A green draconian (Zot:4)
  A deep elf high priest (Vaults:5)
  2 vault guards (Vaults:5)
  A dancing weapon (Elf:2)
  An ogre mage (Vaults:3)
  A wolf spider (Vaults:5)
  A vault sentinel (Vaults:5)
  A moth of wrath (Zot:5)
  A centaur zombie (D:13)
  2 jumping spiders (Spider:4)
  4 humans (Shoals:2)
  A wasp (Lair:6)
  An ogre (Depths:1)
  A wyvern zombie (D:13)
  A giant frog zombie (D:13)
  An ufetubus (Zot:5)
  4 orcs
  2 crawling corpses
  6 fungi
  20 plants
  A starspawn tentacle (Abyss:3)
  22 tentacles
  497 tentacle segments
  4 withered plants (D:13)
580 creatures vanquished.

Grand Total: 3198 creatures vanquished

Notes
Turn   | Place    | Note
-------+----------+-------------------------------------------
     0 | D:1      | Gagarin the Minotaur Berserker began the quest for the Orb.
     0 | D:1      | Reached XP level 1. HP: 19/19 MP: 0/0
    46 | D:1      | Reached XP level 2. HP: 18/27 MP: 1/1
   296 | D:1      | Reached ** piety under Trog
   664 | D:1      | Reached XP level 3. HP: 29/34 MP: 2/2
   970 | D:2      | Found a hazy altar of Hepliaklqana.
  1191 | D:2      | Reached XP level 4. HP: 35/41 MP: 3/3
  1195 | D:2      | Reached skill level 5 in Fighting
  1839 | D:3      | Found a sacrificial altar of Ru.
  1870 | D:3      | Reached XP level 5. HP: 48/48 MP: 4/4
  1917 | D:3      | Noticed Natasha
  1924 | D:3      | Killed Natasha
  1924 | D:3      | Reached skill level 1 in Stealth
  2010 | D:3      | Noticed Natasha
  2344 | D:3      | Reached *** piety under Trog
  2396 | D:3      | Killed Natasha
  2607 | D:3      | Found a shadowy altar of Dithmenos.
  2611 | D:3      | Reached skill level 5 in Long Blades
  2750 | D:3      | Noticed Natasha
  2753 | D:3      | Killed Natasha
  2753 | D:3      | Reached XP level 6. HP: 57/57 MP: 5/5
  2930 | D:4      | Noticed Eustachio
  2975 | D:4      | Killed Eustachio
  2989 | D:4      | Got an ichor-stained leather armour
  3096 | D:4      | Noticed Sarzael's ghost (novice DsCK)
  3136 | D:4      | Killed Sarzael's ghost
  3136 | D:4      | Reached XP level 7. HP: 64/64 MP: 6/6
  3347 | D:4      | Identified the +0 leather armour "Sousch" {Int+3} (You found it on level 4 of the Dungeon)
  3541 | D:4      | Reached skill level 5 in Dodging
  3664 | D:4      | Reached XP level 8. HP: 73/73 MP: 7/7
  3704 | D:5      | Entered Level 5 of the Dungeon
  3717 | D:5      | Found a shattered altar of Ashenzari.
  3841 | D:5      | Found a staircase to the Ecumenical Temple.
  3849 | D:5      | Received a gift from Trog
  3871 | D:5      | Found a bloodstained altar of Trog.
  3901 | D:5      | Reached skill level 5 in Armour
  4523 | D:6      | Reached skill level 1 in Throwing
  4563 | D:6      | Noticed Sigmund
  4569 | D:6      | Killed Sigmund
  4873 | D:6      | Found a runed door.
  4877 | D:6      | Noticed Crazy Yiuf
  4882 | D:6      | Killed Crazy Yiuf
  4952 | D:6      | Noticed Dowan
  4953 | D:6      | Noticed Duvessa
  4965 | D:6      | Killed Duvessa
  4966 | D:6      | Killed Dowan
  5324 | D:7      | Reached XP level 9. HP: 69/81 MP: 8/8
  5485 | D:7      | Reached **** piety under Trog
  5746 | D:7      | Found an opulent altar of Gozag.
  6044 | D:7      | Found an ancient bone altar of Kikubaaqudgha.
  6325 | D:8      | Found a white marble altar of Elyvilon.
  7172 | D:9      | Noticed a guardian serpent
  7184 | D:9      | Killed a guardian serpent
  7338 | D:9      | Got a faintly glowing ring mail
  7414 | D:9      | Reached XP level 10. HP: 38/91 MP: 9/9
  7587 | D:9      | Identified the +8 ring mail "Canti" {rElec Int+3} (You found it on level 9 of the Dungeon)
  7639 | D:9      | Reached ***** piety under Trog
  7641 | D:9      | Reached skill level 10 in Long Blades
  8093 | D:9      | Found a radiant altar of Vehumet.
  8096 | D:9      | Found an iron altar of Okawaru.
  8417 | D:10     | Entered Level 10 of the Dungeon
  8646 | D:10     | Found Kunon's Book Boutique.
  8834 | D:10     | Noticed a hill giant
  8839 | D:10     | Killed a hill giant
  8905 | D:10     | Reached skill level 10 in Fighting
  8911 | D:10     | Reached skill level 10 in Dodging
  8982 | D:10     | Found a staircase to the Lair.
  9012 | D:10     | Reached XP level 11. HP: 78/101 MP: 10/10
  9250 | D:10     | Noticed a hill giant
  9253 | D:10     | Killed a hill giant
  9479 | Lair:1   | Entered Level 1 of the Lair of Beasts
  9591 | Lair:1   | Received a gift from Trog
 10613 | Lair:2   | You fall through a shaft!
 10618 | Lair:3   | Found a hole to the Spider Nest.
 11054 | Lair:2   | Noticed a griffon
 11064 | Lair:2   | Killed a griffon
 11517 | Lair:3   | Reached XP level 12. HP: 112/112 MP: 11/11
 11948 | Lair:3   | Found a staircase to the Shoals.
 12119 | Lair:3   | Noticed a seven-headed hydra
 12126 | Lair:3   | Killed a seven-headed hydra
 12285 | Lair:4   | Noticed a death yak
 12285 | Lair:4   | Noticed a death yak
 12285 | Lair:4   | Noticed a death yak
 12287 | Lair:4   | Noticed a death yak
 12288 | Lair:4   | Noticed a death yak
 12297 | Lair:4   | Killed a death yak
 12302 | Lair:4   | Killed a death yak
 12306 | Lair:4   | Killed a death yak
 12309 | Lair:4   | Killed a death yak
 12312 | Lair:4   | Killed a death yak
 12422 | Lair:4   | Noticed a seven-headed hydra
 12497 | Lair:4   | Noticed a seven-headed hydra
 12507 | Lair:4   | Killed a seven-headed hydra
 12627 | Lair:4   | Killed a seven-headed hydra
 13175 | Lair:5   | Noticed Urug
 13186 | Lair:5   | Killed Urug
 13302 | Lair:5   | Noticed a four-headed hydra
 13319 | Lair:5   | Killed a four-headed hydra
 13319 | Lair:5   | Reached XP level 13. HP: 100/119 MP: 12/12
 13375 | Lair:5   | Reached skill level 10 in Armour
 13543 | Lair:5   | Reached skill level 15 in Long Blades
 13681 | Lair:5   | Got a coiled silver ring
 13682 | Lair:5   | Identified the ring "Soolairgh" {Str+3 Int+4 Dex+3} (You found it on level 5 of the Lair of Beasts)
 13968 | Lair:6   | Entered Level 6 of the Lair of Beasts
 13977 | Lair:6   | Reached ****** piety under Trog
 14068 | Lair:6   | Received a gift from Trog
 14638 | Lair:6   | Reached skill level 1 in Short Blades
 14693 | Lair:6   | Found a staircase to the Slime Pits.
 15123 | Lair:6   | Received a gift from Trog
 15124 | Lair:6   | Got a slimy triple sword {god gift}
 15125 | Lair:6   | Identified the +5 triple sword of the Maze {drain, rN+} (Trog gifted it to you on level 6 of the Lair of Beasts)
 15134 | Lair:6   | Noticed a fire dragon
 15143 | Lair:6   | Killed a fire dragon
 15267 | Lair:6   | Found a runed door.
 15604 | Lair:6   | Noticed a fire dragon
 15611 | Lair:6   | Killed a fire dragon
 15611 | Lair:6   | Reached XP level 14. HP: 132/132 MP: 13/13
 16030 | D:11     | Found Pygergh's Gadget Boutique.
 16040 | D:11     | Bought a +0 rod of clouds (13/13) for 1350 gold pieces
 16317 | D:11     | Found a staircase to the Orcish Mines.
 16714 | Orc:1    | Entered Level 1 of the Orcish Mines
 16724 | Orc:1    | Received a gift from Trog
 17318 | Orc:2    | Entered Level 2 of the Orcish Mines
 17386 | Orc:2    | Noticed Saint Roka
 17578 | Orc:2    | Killed Saint Roka
 17654 | Orc:2    | Noticed Sonja
 17679 | Orc:2    | Killed Sonja
 17830 | Orc:2    | Found a staircase to the Elven Halls.
 18023 | Orc:2    | Found Ingemif's Distillery.
 18024 | Orc:2    | Received a gift from Trog
 18438 | Orc:2    | Found Totuyworgh's General Store.
 18442 | Orc:2    | Found Ajakucle's Armour Shop.
 18443 | Orc:2    | Found Daxzeath's Assorted Antiques.
 18470 | Orc:2    | Bought a potion of heal wounds for 75 gold pieces
 18493 | Orc:2    | Bought a potion of ambrosia for 104 gold pieces
 18495 | Orc:2    | Bought a potion of heal wounds for 165 gold pieces
 18495 | Orc:2    | Bought a scroll of identify for 66 gold pieces
 18914 | D:12     | Reached skill level 15 in Fighting
 19394 | D:12     | Noticed Frances
 19603 | D:12     | Killed Frances
 19734 | D:12     | Received a gift from Trog
 20153 | D:13     | Noticed Azrael
 20165 | D:13     | Killed Azrael
 20487 | D:13     | Reached XP level 15. HP: 141/141 MP: 14/14
 21138 | D:14     | Received a gift from Trog
 21197 | D:14     | Found a gate to the Vaults.
 21915 | D:14     | Found an oddly glowing altar of Pakellas.
 22178 | D:15     | Entered Level 15 of the Dungeon
 22348 | D:15     | Noticed B1inky's ghost (journeyman OpBe)
 22365 | D:15     | Killed B1inky's ghost
 22454 | D:15     | Reached skill level 15 in Dodging
 22760 | D:15     | Cast into level 3 of the Abyss (a wizard)
 22904 | Abyss:3  | Paralysed by accursed screaming for 1 turns
 23026 | D:15     | Escaped the Abyss
 23049 | D:15     | Received a gift from Trog
 23050 | D:15     | Got an ichor-stained quarterstaff {god gift}
 23072 | D:15     | Identified the +8 quarterstaff of Trog's Righteous Fury {crush, Int+6 SInv} (Trog gifted it to you on level 15 of the Dungeon)
 23225 | D:15     | Found a staircase to the Depths.
 23830 | Spider:1 | Entered Level 1 of the Spider Nest
 24350 | Spider:1 | Reached XP level 16. HP: 139/152 MP: 15/15
 25063 | Spider:2 | Reached skill level 5 in Stealth
 25100 | Spider:2 | Received a gift from Trog
 26688 | Spider:3 | Received a gift from Trog
 27024 | Spider:3 | Received a gift from Trog
 27194 | Spider:4 | Entered Level 4 of the Spider Nest
 27564 | Spider:4 | Received a gift from Trog
 27871 | Spider:4 | Received a gift from Trog
 28212 | Spider:4 | Reached XP level 17. HP: 158/162 MP: 16/16
 28266 | Spider:4 | Reached skill level 5 in Throwing
 28581 | Spider:4 | Reached skill level 1 in Evocations
 28736 | Spider:4 | Got a gossamer rune of Zot
 29069 | Shoals:1 | Entered Level 1 of the Shoals
 29208 | Shoals:1 | Noticed a kraken
 29298 | Shoals:1 | Received a gift from Trog
 29375 | Shoals:1 | Found Tazxacw's Gadget Shoppe.
 29412 | Shoals:1 | Found Huoleassi's Armour Shoppe.
 29433 | Shoals:1 | Found Feteps's Armour Shop.
 29440 | Shoals:1 | Found Damostr Mafa's Magic Scroll Shoppe.
 29473 | Shoals:1 | Bought a +0 pair of gloves of strength for 161 gold pieces
 29524 | Shoals:1 | Killed a kraken
 29564 | Shoals:1 | Noticed Louise
 29571 | Shoals:1 | Killed Louise
 29722 | Shoals:1 | Found Kusu Yli's Weapon Emporium.
 30067 | Shoals:2 | Noticed Polyphemus
 30067 | Shoals:2 | Noticed Kirke
 30070 | Shoals:2 | Killed Kirke
 30097 | Shoals:2 | Killed Polyphemus
 30735 | Shoals:2 | Received a gift from Trog
 31786 | Shoals:3 | Received a gift from Trog
 32176 | Shoals:3 | Noticed a kraken
 32184 | Shoals:3 | Killed a kraken
 32234 | Shoals:3 | Reached XP level 18. HP: 164/173 MP: 17/17
 32508 | Shoals:4 | Entered Level 4 of the Shoals
 32522 | Shoals:4 | Noticed Ilsuiw
 32686 | Shoals:4 | Killed Ilsuiw
 32958 | Shoals:4 | Received a gift from Trog
 33217 | Shoals:4 | Received a gift from Trog
 33496 | Shoals:4 | Received a gift from Trog
 33966 | Shoals:4 | Got a barnacled rune of Zot
 33999 | Shoals:4 | Noticed Roxanne
 34145 | Shoals:4 | Killed Roxanne
 34851 | Orc:2    | Bought the +15 Maxwell's patent armour {-Cast -Tele rElec MR+ rCorr} for 1503 gold pieces
 35089 | Vaults:1 | Entered Level 1 of the Vaults
 35223 | Vaults:1 | Received a gift from Trog
 35315 | Vaults:1 | Found Sufunwae's Antique Armour Shop.
 35421 | Vaults:1 | Received a gift from Trog
 35829 | Vaults:1 | Reached XP level 19. HP: 183/183 MP: 19/19
 36598 | Vaults:2 | Received a gift from Trog
 36600 | Vaults:2 | Got a smoking hand crossbow {god gift}
 36942 | Vaults:2 | Identified a scroll of acquirement
 36943 | Vaults:2 | Got a crude great sword
 36945 | Vaults:2 | Identified the +3 great sword of World's End {drain, rC+++ Str+5 Dex-4 Stlth+} (You acquired it on level 2 of the Vaults)
 37327 | Lair:1   | Identified the +5 hand crossbow "Hisoeji" {elec, Str+5 Int-5} (Trog gifted it to you on level 2 of the Vaults)
 37888 | Vaults:2 | Found a staircase to the Crypt.
 38011 | Vaults:2 | Found Xisk's Distillery.
 38073 | Vaults:2 | Received a gift from Trog
 38113 | Vaults:2 | Found Gozag's Antique Armour Shop.
 38131 | Vaults:2 | Found Gozag's Antique Armour Boutique.
 38151 | Vaults:2 | Found an opulent altar of Gozag.
 38164 | Vaults:2 | Found Gozag's Assorted Antiques.
 38202 | Vaults:2 | Received a gift from Trog
 38517 | Vaults:2 | Received a gift from Trog
 38775 | Vaults:3 | Received a gift from Trog
 38920 | Vaults:3 | Reached XP level 20. HP: 195/195 MP: 20/20
 39078 | Vaults:3 | Received a gift from Trog
 39259 | Vaults:3 | Received a gift from Trog
 40269 | Vaults:4 | Found Zietsyos's Gadget Emporium.
 40543 | Vaults:4 | Found Ciwofin's Antique Weapon Shop.
 40556 | Vaults:4 | Received a gift from Trog
 40881 | Vaults:4 | Found a flickering gateway to a bazaar.
 40892 | Bazaar   | Entered a bazaar
 40900 | Bazaar   | Found Ucou's Gadget Shop.
 40926 | Bazaar   | Found Upuari Wuasa's Book Shop.
 40947 | Bazaar   | Bought a box of beasts for 280 gold pieces
 41199 | Vaults:4 | Got a crude triple crossbow
 41212 | Vaults:4 | Identified the cursed +3 triple crossbow "Osang" {venom, MR+ Str+3} (You found it on level 4 of the Vaults)
 41282 | Vaults:4 | Reached XP level 21. HP: 173/205 MP: 21/21
 42093 | D:10     | Received a gift from Trog
 42256 | Elf:1    | Entered Level 1 of the Elven Halls
 42589 | Elf:1    | Received a gift from Trog
 42631 | Elf:1    | Found Uhiaf's Weapon Boutique.
 42862 | Elf:1    | Received a gift from Trog
 43109 | Elf:1    | Received a gift from Trog
 43151 | Elf:1    | Got a twisted hat
 43165 | Elf:1    | Identified the +1 hat of the Six Blessings {+Blink} (You found it on level 1 of the Elven Halls)
 43427 | Elf:2    | Reached skill level 27 in Long Blades
 43486 | Elf:2    | Noticed Agnes
 43493 | Elf:2    | Killed Agnes
 43499 | Elf:2    | Got a heavily runed brass amulet
 43504 | Elf:2    | Identified the amulet "Rekh" {RegenMP Int+4} (You found it on level 2 of the Elven Halls)
 43564 | Elf:2    | Found a runed gate.
 43564 | Elf:2    | Found a runed gate.
 43564 | Elf:2    | Found a runed gate.
 43569 | Elf:2    | Noticed Jorgrun
 43579 | Elf:2    | Killed Jorgrun
 43720 | Elf:2    | Found Oroschuxa's General Store.
 44384 | Elf:3    | Entered Level 3 of the Elven Halls
 44413 | Elf:3    | Found Vipeh's Magic Scroll Shop.
 44436 | Elf:3    | Bought a scroll of fear for 59 gold pieces
 45223 | Elf:3    | Received a gift from Trog
 45225 | Elf:3    | Cast into level 3 of the Abyss (a deep elf sorcerer)
 45225 | Abyss:3  | Found a corrupted altar of Lugonu.
 45233 | Abyss:3  | Found a glowing golden altar of the Shining One.
 45299 | Abyss:3  | Noticed a juggernaut
 45308 | Abyss:3  | Killed a juggernaut
 45315 | Abyss:3  | Got an abyssal rune of Zot
 45365 | Abyss:3  | Reached skill level 15 in Armour
 45372 | Elf:3    | Escaped the Abyss
 45646 | Elf:3    | Reached XP level 22. HP: 220/220 MP: 22/22
 45711 | Elf:3    | Got a fine chain mail
 45763 | Elf:3    | Got a bound turquoise ring
 45796 | Elf:3    | Got a flickering iron ring
 45830 | Elf:3    | Identified the cursed +1 chain mail "Vamudayts" {rF+ rCorr} (You found it on level 3 of the Elven Halls)
 45847 | Elf:3    | Identified the ring of Seos {Int+4 Stlth+} (You found it on level 3 of the Elven Halls)
 45849 | Elf:3    | Identified the ring of Tyemic {rN+ Str+4 Dex+3 Slay+5 SInv} (You found it on level 3 of the Elven Halls)
 46020 | Elf:3    | Received a gift from Trog
 46908 | Depths:1 | Entered Level 1 of the Depths
 46972 | Depths:1 | Noticed the Enchantress
 46986 | Depths:1 | Killed the Enchantress
 47026 | Depths:1 | Got a faerie dragon armour
 47037 | Depths:1 | Identified the +7 faerie dragon armour {+Fly rC+ MR- Str+3} (You took it off the Enchantress on level 1 of the Depths)
 47423 | Depths:1 | Found a gateway to a ziggurat.
 47433 | Depths:1 | Received a gift from Trog
 47496 | Depths:1 | Found a one-way gate to the infinite horrors of the Abyss.
 47564 | Depths:1 | Noticed Mara
 47569 | Depths:1 | Noticed Gagarin's illusion
 47571 | Depths:1 | Killed Mara
 47619 | Depths:1 | Found a gateway to Hell.
 47702 | Depths:1 | Found Kefocaum's Weapon Boutique.
 47952 | Depths:1 | Found Nestron's One-of-a-Kind Books.
 47961 | Depths:1 | Found Kaurun's Jewellery Emporium.
 47962 | Depths:1 | Found Inijin's Gadget Shop.
 47962 | Depths:1 | Found Zaler's Gadget Shop.
 48064 | Depths:2 | Noticed Zebura's ghost (adept VSFi)
 48080 | Depths:2 | Killed Zebura's ghost
 48147 | Depths:2 | Received a gift from Trog
 48615 | Depths:1 | Upgraded the game from 0.19-a0-1068-g99dd0f4 to 0.19-a0-1071-g4ed3155
 49387 | Depths:2 | Received a gift from Trog
 50329 | Depths:2 | Got a transparent fire dragon armour
 50340 | Depths:2 | Identified the cursed +0 fire dragon armour "Vuach" {rElec rPois rF++ rC- Str-5} (You found it on level 2 of the Depths)
 50491 | Depths:2 | Got a slimy amber ring
 50495 | Depths:2 | Identified the ring of Nekh {Dex+2 Stlth+} (You found it on level 2 of the Depths)
 50580 | Depths:3 | Reached XP level 23. HP: 234/234 MP: 23/23
 50778 | Depths:3 | Found a one-way gate leading to the halls of Pandemonium.
 51029 | Depths:3 | Noticed a caustic shrike
 51035 | Depths:3 | Killed a caustic shrike
 51035 | Depths:3 | Received a gift from Trog
 51384 | Depths:3 | Got an ancient scale mail
 51385 | Depths:3 | Identified the +0 scale mail of Dyspraxia {MR+} (You found it on level 3 of the Depths)
 51469 | Depths:1 | Got an ichor-stained quarterstaff
 51469 | Depths:1 | Got a warped quarterstaff
 51470 | Depths:1 | Identified the +5 quarterstaff of Eternal Vigilance {crush, Int+3} (You found it on level 1 of the Depths)
 51471 | Depths:1 | Identified the +0 quarterstaff "Impslayer" {antimagic, +Fly rF+} (You found it on level 1 of the Depths)
 51943 | Depths:3 | Noticed Aizul
 51949 | Depths:3 | Killed Aizul
 52257 | Depths:4 | Received a gift from Trog
 52469 | Depths:4 | Found a corrupted altar of Lugonu.
 53498 | Depths:4 | Received a gift from Trog
 53754 | Depths:4 | Identified the Guide on the Mutagenic Frostbite
 54059 | Depths:5 | Entered Level 5 of the Depths
 54134 | Depths:5 | Noticed a juggernaut
 54140 | Depths:5 | Received a gift from Trog
 54146 | Depths:5 | Killed a juggernaut
 54246 | Depths:5 | Found a runed door.
 54249 | Depths:5 | Noticed an ancient lich
 54266 | Depths:5 | Reached skill level 27 in Fighting
 54298 | Depths:5 | Reached XP level 24. HP: 222/249 MP: 24/24
 54354 | Depths:5 | Killed an ancient lich
 54397 | Depths:5 | Got a polished scale mail
 54408 | Depths:5 | Identified the +5 scale mail of the Dropbear {*Contam rPois SInv} (You found it on level 5 of the Depths)
 54416 | Depths:5 | Gained mutation: Your spells are a little easier to cast, but a little less powerful. [mutagenic glow]
 54521 | Depths:5 | Received a gift from Trog
 55010 | Depths:5 | Found a gate to the Realm of Zot.
 55044 | Depths:5 | Noticed a juggernaut
 55055 | Depths:5 | Killed a juggernaut
 55223 | Zot:1    | Entered Level 1 of the Realm of Zot
 56493 | Zot:1    | Got a slimy leather armour
 56504 | Zot:1    | Identified the +1 leather armour of Henotheism {MR+ Int+2} (You found it on level 1 of the Realm of Zot)
 56562 | Zot:1    | Received a gift from Trog
 57846 | Zot:2    | Reached XP level 25. HP: 237/257 MP: 24/24
 58459 | Zot:3    | Got a scorched chain mail
 58460 | Zot:3    | Identified the +3 chain mail "Wuesch" {Regen+} (You found it on level 3 of the Realm of Zot)
 58489 | Zot:3    | Received a gift from Trog
 60080 | Vaults:5 | Entered Level 5 of the Vaults
 60144 | Vaults:4 | Received a gift from Trog
 60258 | Vaults:4 | Received a gift from Trog
 60350 | Vaults:4 | Reached XP level 26. HP: 266/266 MP: 24/24
 60626 | Vaults:5 | Got a jewelled leather armour
 60967 | Vaults:5 | Identified the +2 leather armour of Qazlal's Delight {rElec rF- Int+6 Dex-3} (You found it on level 5 of the Vaults)
 60973 | Vaults:5 | Got an ancient amber ring
 60975 | Vaults:5 | Identified the ring "Iseaj" {Ice *Corrode Int+4 Dex+2} (You found it on level 5 of the Vaults)
 60991 | Vaults:5 | Received a gift from Trog
 60992 | Vaults:5 | Noticed an ancient lich
 61000 | Vaults:5 | Killed an ancient lich
 61156 | Vaults:5 | Got a silver rune of Zot
 61220 | Vaults:5 | Got a pitted battleaxe {pain}
 61221 | Vaults:5 | Identified the +9 battleaxe of Annihilation {pain, *Confuse rF++ Int+2 Stlth+} (You took it off a deep elf mage on level 5 of the Vaults)
 61415 | Vaults:5 | Received a gift from Trog
 62830 | Zot:5    | Entered Level 5 of the Realm of Zot
 63010 | Zot:5    | Reached skill level 10 in Stealth
 63223 | Zot:5    | Noticed an ancient lich
 63234 | Zot:5    | Killed an ancient lich
 63283 | Zot:5    | Noticed an orb of fire
 63310 | Zot:5    | Killed an orb of fire
 63312 | Zot:5    | Reached XP level 27. HP: 273/273 MP: 24/24
 63324 | Zot:5    | Noticed an ancient lich
 63326 | Zot:5    | Killed an ancient lich
 63393 | Zot:5    | Noticed an orb of fire
 63394 | Zot:5    | Gained mutation: You are clumsy. (Dex -2) [an orb of fire]
 63401 | Zot:5    | Killed an orb of fire
 63406 | Zot:5    | Reached skill level 27 in Armour
 63442 | Zot:5    | Received a gift from Trog
 63605 | Zot:5    | Got a faintly glowing tin amulet
 63606 | Zot:5    | Identified the amulet of Leaves {+Rage rC++ rN+ MP-9 Str+4} (You found it on level 5 of the Realm of Zot)
 63665 | Zot:5    | Noticed an ancient lich
 63669 | Zot:5    | Killed an ancient lich
 63764 | Zot:5    | Received a gift from Trog
 63775 | Zot:5    | Reached skill level 10 in Throwing
 63791 | Zot:5    | Noticed an orb of fire
 63801 | Zot:5    | Killed an orb of fire
 64064 | Zot:5    | Reached skill level 5 in Evocations
 65370 | Orc:2    | Bought a scroll of enchant armour for 112 gold pieces
 65370 | Orc:2    | Bought a potion of cancellation for 120 gold pieces
 65781 | Shoals:1 | Bought a scroll of enchant armour for 97 gold pieces
 65781 | Shoals:1 | Bought a scroll of fear for 45 gold pieces
 65781 | Shoals:1 | Bought a scroll of teleportation for 39 gold pieces
 66394 | Zot:4    | Received a gift from Trog
 66626 | Zot:5    | Got the Orb of Zot
 66777 | Zot:1    | Noticed Fefeon the pandemonium lord
 66806 | Zot:1    | Killed Fefeon the pandemonium lord
 66897 | Depths:3 | Noticed Oxyleoff the pandemonium lord
 66910 | Depths:2 | Killed Oxyleoff the pandemonium lord
 67238 | D:1      | Noticed Ladas the pandemonium lord
 67293 | D:$      | Escaped with the Orb!

Vault maps used:
D:1:      dpeg_arrival_tiny_h, st_stairs_2
D:2:      lemuel_round_altar, first_bread, kennysheep_path_1,
          minmay_misc_feat_five
D:3:      nicolae_ru_great_annihilating_truth, marbit_many_paths, uniq_natasha
D:4:      uniq_eustachio
D:5:      lemuel_doored_altar, grunt_decor_arrowhead, lemuel_statue_altar
D:6:      uniq_sigmund, uniq_crazy_yiuf_cottage, uniq_duvessa
D:7:      grunt_gozag_breadcrumbs, lemuel_zombie_altar_kikubaaqudgha
D:8:      elyvilon_altar_3
D:9:      wad_guarded_room, minitemple, serial_glass, glass_columns_b,
          glass_columns_b, glass_columns_b, nrook_guardian_serpent_ordinary
D:10:     erik_lair_dragon, serial_shops, nicolae_shop_crystal
D:11:     hiddenorc1_lemuel, serial_shops, shop_coins, lab_entry_generic
D:12:     hangedman_stone_soup, hangedman_decor_clover_reticule,
          kennysheep_generic_room_14, uniq_frances
D:13:     serial_undead, serial_undead_c, serial_undead_c, serial_undead_c,
          serial_undead_b, uniq_azrael
D:14:     david_vaults_1, grunt_pakellas_basics
D:15:     grunt_enter_depths_magical_seal
Lair:1:   cheibrodos_lair_reptile_den
Lair:2:   beast_lair_carwin_10, grunt_megastairs_1, serial_bayou_shore_b,
          infiniplex_staircase_pool_2, serial_bayou_shore_b
Lair:3:   minmay_shoals_entry_hut, spider_nest_entry_webs
Lair:4:   minmay_stone_trees_medium, grunt_forest_stairs_clearing,
          grunt_megastairs_3, bh_autumn_forest_stairs, lemuel_fruit_tree
Lair:5:   serial_bayou_pond_a, serial_bayou_shore_b, uniq_urug
Lair:6:   guppyfry_lair_end_dragon, wormcave, nicolae_slime_entry_slimehenge,
          lemuel_old_faithful
Shoals:1: serial_shops, shop_fountains, nicolae_shop_behind_doors,
          nicolae_shop_waterfront, shop, shop, uniq_louise
Shoals:2: nicolae_shoals_this_corrosion, uniq_polyphemus, uniq_kirke
Shoals:4: shoals_end_grunt_ice, shoal_ilsuiw, uniq_roxanne
Spider:1: hangedman_spider_tarantella_strand
Spider:2: portal_ice_cave_entry_pillars_four
Spider:4: grunt_spider_rune_circles
Orc:2:    st_orc_elflike, uniq_sonja, uniq_saint_roka
Elf:1:    minmay_elf_arrival_summoners, kennysheep_underground_church,
          minmay_shop_star
Elf:2:    serial_shops, nicolae_shop_trees, uniq_jorgrun, uniq_agnes
Elf:3:    grunt_elf_hall_asides, serial_shops, shop_coins
Vaults:1: st_hourglassy, v_misc_17, dpeg_vaults_monster_box, v_misc_2,
          grunt_vaults_trifunnel, ontoclasm_vaults_chip, v_misc_25,
          nicolae_vaults_windows_and_doors_thing, v_misc_3, serial_shops, shop
Vaults:2: vaults_dpeg_doors, v_alt_pattern_5, v_misc_30, vaults_room_octagon,
          kennysheep_vaults_gozag_temple, v_misc_24, blue_anna_dwarven_crypt,
          hangedman_vaults_hat, ontoclasm_vaults_ligature, v_pattern_3,
          vaults_room_corners, hangedman_vaults_slice, serial_shops, shop
Vaults:3: nicolae_vaults_good_morning_starshine, vaults_room_fancy_cross,
          grunt_vaults_hallway_long, nicolae_vaults_puzzle_piece,
          nicolae_vaults_little_squares_2, v_rooms_6, v_misc_10, v_rooms_4,
          nicolae_vaults_alarming, vaults_dpeg_encased_lava
Vaults:4: vaults_room_grid, v_rooms_5, vaults_room_large_hall,
          dpeg_vaults_monster_row, grunt_vaults_diagonal, v_misc_12,
          vaults_room_semicircle, nicolae_vaults_yaktaur_gun_rack,
          nicolae_vaults_diagonal_hallway_8, ontoclasm_vaults_claustrophobia,
          vaults_mumra_hex, serial_shops, bzr_entry_lakeside,
          nicolae_shop_overgrown_old_shop, nicolae_shop_statue_plus
Depths:1: enter_ziggurat_a, serial_shops, shop, pf_coc_iceberg, abyss_entry,
          nrook_mini_backslash, corexii_mini_fake_secret_closet,
          minmay_misc_feat_encased, minmay_misc_feat_enclosed,
          nicolae_rare_books, minmay_shop_grove, firewood_loft,
          serial_bayou_shore_b, uniq_mara, uniq_enchantress
Depths:2: kennysheep_cluttered_fort, grunt_mini_vestibule, abyss_entry,
          grunt_decor_mini_mirrors, minmay_multi_spiral,
          minmay_staircase_windowed_large
Depths:3: evilmike_marble_ring, rand_demon_pan_entry_1,
          abyss_entry_small_statue_room, grunt_hell_entry_dis_grunt, uniq_aizul
Depths:4: lemuel_castle_with_subvaults, hangedman_geh_valley,
          abyss_entry_flame_altar
Depths:5: evilmike_zot_entry_basic, minmay_misc_feat_chi, hell_entry,
          grunt_ministairs_14, kennysheep_treasure_room, basic_stair_grate_trap
Zot:1:    kennysheep_six_static_rooms, lemuel_baited_zot_trap
Zot:2:    grunt_megastairs_4
Zot:3:    nicolae_lava_and_water
Zot:4:    grunt_ministairs_15, basic_loot_grate_trap, zot_minivault_7
Zot:5:    hangedman_zot_gyre, st_stairs_13
Abyss:3:  nicolae_abyss_rune_left_handed, evilmike_abyss_exit_16,
          evilmike_abyss_rune_elephants_shrine
Bazaar:   bazaar_jpeg_cross

Skill      XL: |  1  2  3  4  5  6  7  8  9 10 11 12 13 14 15 16 17 18 19 20 21 22 23 24 25 26 27 |
---------------+----------------------------------------------------------------------------------+-----
Fighting       | 4 5 6 7 8 9 10 11 12 14 15 16 17 18 19 20 21 23 25 27 | 27.0
Long Blades    | 4 5 6 7 9 11 13 14 16 18 19 20 22 23 25 26 27 | 27.0
Armour         | 3 4 6 8 9 10 11 12 13 15 16 17 19 22 26 27 | 27.0
Dodging        | 3 4 5 7 8 10 11 12 13 14 15 16 17 18 19 21 22 | 22.3
Stealth        | 1 2 3 4 5 6 7 9 10 11 | 11.0
Throwing       | 1 2 3 4 6 7 8 13 | 13.8
Short Blades   | 1 |  1.4
Evocations     | 1 2 8 |  8.8
Staves         | |  0.2

Action                   |  1- 3 |  4- 6 |  7- 9 | 10-12 | 13-15 | 16-18 | 19-21 | 22-24 | 25-27 || total
-------------------------+-------+-------+-------+-------+-------+-------+-------+-------+-------++-------
Melee: Falchion          |    73 |   141 |   182 |       |       |       |       |       |       ||   396
       Headbutt          |    10 |    25 |    87 |   130 |   306 |   308 |   425 |   408 |   373 ||  2072
       Long sword        |       |       |   157 |    29 |       |       |       |       |       ||   186
       Great sword       |       |       |       |   548 |   271 |       |       |       |       ||   819
       Dagger            |       |       |       |    28 |    38 |       |       |       |       ||    66
       Triple sword      |       |       |       |       |   928 |  1204 |  1344 |  1201 |  1077 ||  5754
       Quarterstaff      |       |       |       |       |     5 |       |       |       |       ||     5
Throw: Tomahawk          |     1 |       |     3 |    10 |       |    11 |       |       |       ||    25
       Javelin           |       |       |       |     1 |    56 |   152 |     6 |    13 |     5 ||   233
Invok: Trog's Hand       |     1 |     1 |     1 |       |     4 |     8 |     6 |     3 |     3 ||    27
       Berserk           |       |     3 |     4 |    13 |     9 |    17 |    10 |    12 |    10 ||    78
       Burn Spellbooks   |       |       |       |     1 |     1 |     7 |       |    10 |     2 ||    21
       Brothers in Arms  |       |       |       |     3 |     9 |     5 |     3 |     3 |     5 ||    28
 Abil: Evoke Flight      |       |       |       |       |       |     3 |       |       |       ||     3
Evoke: Rod               |       |       |       |       |     8 |     4 |     2 |       |     1 ||    15
       Wand              |       |       |       |       |     1 |       |       |     6 |     8 ||    15
       Box of beasts     |       |       |       |       |       |       |       |       |     1 ||     1
  Use: Scroll            |       |       |     7 |    15 |    16 |    15 |    15 |    14 |    17 ||    99
       Potion            |       |       |       |       |       |    10 |     3 |     2 |     3 ||    18
 Stab: Sleeping          |     1 |       |       |     2 |     9 |     3 |       |     7 |       ||    22
       Invisible         |       |     1 |       |       |       |       |       |       |       ||     1
       Paralysed         |       |     2 |       |       |       |       |       |       |       ||     2
       Distracted        |       |       |       |       |     4 |       |     2 |     4 |     1 ||    11
       Confused          |       |       |       |       |       |       |     1 |       |       ||     1
  Eat: Chunk             |     1 |     5 |    12 |    30 |    49 |    61 |    47 |    38 |    31 ||   274
       Meat ration       |       |     1 |     1 |     1 |     1 |       |       |     3 |     1 ||     8
       Beef jerky        |       |       |       |       |     1 |     1 |       |     1 |     3 ||     6
       Fruit             |       |       |       |       |       |     4 |       |       |     2 ||     6
       Royal jelly       |       |       |       |       |       |       |       |       |     2 ||     2
Armor: Animal skin       |     6 |     1 |       |       |       |       |       |       |       ||     7
       Leather armour    |       |    10 |       |       |       |       |       |       |       ||    10
       Ring mail         |       |    16 |    77 |   182 |   338 |   319 |       |       |       ||   932
       Plate armour      |       |       |       |       |       |    32 |   279 |   120 |       ||   431
       Quicksilver drago |       |       |       |       |       |       |       |    57 |       ||    57
       Gold dragon armou |       |       |       |       |       |       |       |    66 |   320 ||   386
Dodge: Dodged            |    45 |    59 |   180 |   348 |   978 |  1162 |  1008 |   912 |  1014 ||  5706
